 Dungeon Crawl Stone Soup version 0.29.1-1-gd02db6906a (webtiles) character file.

Game seed: 7907582628133456568

3187 Icepheonix32 the Arsonist (level 9, 0/67 HPs)
             Began as a Pale Draconian Fire Elementalist on Sept 22, 2022.
             Was a Believer of Qazlal.
             Slain by an orc warrior
             ... wielding a +0 mace
              (11 damage)
             ... on level 7 of the Dungeon.
             The game lasted 00:12:48 (9033 turns).

Icepheonix32 the Arsonist (DrFE)                    Turns: 9033, Time: 00:12:49

Health: 0/67       AC:  7    Str: 11    XL:     9   Next: 64%
Magic:  5/21       EV: 16    Int: 19    God:    Qazlal [**....]
Gold:   384        SH:  2    Dex: 12    Spells: 17/24 levels left

rFire   . . .      SeeInvis .   b - +8 whip (venom)
rCold   . . .      Faith    .   (no shield)
rNeg    . . .      Spirit   .   (body armour unavailable)
rPois   .          Reflect  .   (helmet restricted)
rElec   .          Harm     .   (no cloak)
rCorr   .          Rampage  .   (no gloves)
Will    .....                   (no boots)
Stlth   ++........              (no amulet)
HPRegen 0.21/turn               f - +4 ring of evasion
MPRegen 0.17/turn               (no ring)

@: no status effects
A: breathe steam, AC +7, unfitting armour, cold-blooded, steam resistance
a: Breathe Steam, Renounce Religion, Upheaval


You were on level 7 of the Dungeon.
You worshipped Qazlal.
Qazlal was pleased with you.
You visited 2 branches of the dungeon, and saw 8 of its levels.

You collected 384 gold pieces.

Inventory:

Hand Weapons
 b - a +8 whip of venom (weapon)
 c - a +2 short sword of protection
 d - a +2 short sword of freezing
 j - a +0 dagger of holy wrath
 t - a +1 broad axe of flaming
Missiles
 v - 3 throwing nets
 A - a curare-tipped dart
Magical Staves
 g - a staff of cold
Jewellery
 e - a ring of ice
 f - a +4 ring of evasion (left hand)
 y - a ring of protection from fire
Wands
 k - a wand of roots (21)
 r - a wand of mindburst (16)
Scrolls
 l - a scroll of fear
 n - a scroll of torment
 p - 2 scrolls of amnesia
 q - 2 scrolls of teleportation
Potions
 a - a potion of magic
 h - a potion of lignification
 i - 2 potions of brilliance {unknown}
 m - a potion of mutation
 o - a potion of berserk rage {unknown}
 u - a potion of heal wounds {unknown}
 w - a potion of cancellation
 x - 2 potions of might
 z - a potion of resistance {unknown}
Miscellaneous
 s - a phantom mirror


   Skills:
 + Level 2.1 Fighting
 + Level 1.7 Short Blades
 + Level 1.1 Maces & Flails
 + Level 3.1 Dodging
 + Level 2.9 Stealth
 + Level 0.2 Shields
 + Level 0.3 Unarmed Combat
 * Level 8.3 Spellcasting
 + Level 3.6 Conjurations
 * Level 9.6 Fire Magic


You had 17 spell levels left.
You knew the following spells:

 Your Spells              Type           Power      Damage    Failure   Level
a - Foxfire               Conj/Fire      100%       2x1d9     1%          1
b - Scorch                Fire           88%        2d9       1%          2
c - Flame Wave            Conj/Fire      33%        2d10      6%          4

Your spell library contained the following spells:

 Spells                   Type           Power      Damage    Failure   Level
 Conjure Flame            Conj/Fire      33%        6-21      1%          3
 Inner Flame              Hex/Fire       26%        N/A       3%          3
 Apportation              Tloc           14%        N/A       9%          1
 Beastly Appendage        Tmut           14%        N/A       9%          1
 Sublimation of Blood     Necr           7%         N/A       13%         2
 Wereblood                Tmut           7%         N/A       13%         2
 Spider Form              Tmut/Pois      7%         N/A       26%         3
 Alistair's Intoxication  Tmut/Pois      4%         N/A       94%         5
 Summon Hydra             Summ           3%         N/A       100%        7


Dungeon Overview and Level Annotations

Branches:
Dungeon (7/15)             Temple (1/1) D:4

Altars:
Ashenzari
Cheibriados
Dithmenos
Elyvilon
Fedhas
Gozag
Hepliaklqana
Kikubaaqudgha
Makhleb
Nemelex Xobeh
Okawaru
Qazlal
Ru
Sif Muna
Trog
Uskayaw
Vehumet
Wu Jian
Xom
Yredelemnul
Zin
The Shining One


Innate Abilities, Weirdness & Mutations

You can breathe blasts of scalding, opaque steam.
Your pale cyan-grey scales are hard. (AC +7)
You cannot fit into any form of body armour.
You are cold-blooded and may be slowed by cold attacks.
You are immune to the effects of steam.


Message History

Flames lash the centaur.
The centaur is burned terribly!
The centaur is almost dead.
The centaur shoots an arrow.
The arrow hits you.
* * * LOW HITPOINT WARNING * * *
The centaur shoots an arrow.
The arrow misses you.
The centaur unwields a +0 shortbow.
The centaur closely misses you. The centaur barely misses you.
You whack the centaur!
You kill the centaur!
Qazlal accepts your kill.
An orc warrior comes into view. It is wielding a +0 mace.
Items here: )) [ †.
You are too injured to fight recklessly!
Casting: Scorch (safe; 1% risk of failure)
Confirm with . or Enter, or press ? or * to list all spells.
You conjure some foxfire!
Casting: Foxfire (safe; 1% risk of failure)
Confirm with . or Enter, or press ? or * to list all spells.
You conjure some foxfire!
Your foxfire is struck by lightning.
The foxfire hits the orc warrior but does no damage.
The foxfire hits the orc warrior!
The orc warrior is moderately wounded.
Casting: Foxfire (safe; 1% risk of failure)
Confirm with . or Enter, or press ? or * to list all spells.
Flames lash the orc warrior.
The orc warrior is heavily wounded.
The orc warrior's fire resistance burns away.
The foxfire hits the orc warrior but does no damage.
The orc warrior is heavily wounded.
The foxfire hits the orc warrior.
The orc warrior is burned terribly!
The orc warrior is heavily wounded.
Unknown command.
Unknown command.
Casting: Scorch (safe; 1% risk of failure)
Confirm with . or Enter, or press ? or * to list all spells.
Flames lash the orc warrior.
The orc warrior is heavily wounded.
The orc warrior hits you with a +0 mace!
You die...

#.# #.#
#.c# #..#
#..# #..#
#..# #..#
#..#..#
#[### #)..#
##o#..#
#.@##..#
##§§.#...#
#.
#...)##..#
#. #..#..#
.#
#..##.)..#
.#
#..§#...##
###..##).#
#
##.##..#)##
##
##...##...#


You could see an orc warrior (combustible).

Vanquished Creatures
  Grinder (D:5)
  A steam dragon (D:7)
  Menkaure (D:5)
  Duvessa (D:5)
  A water moccasin (D:4)
  An orc warrior (D:6)
  2 ice beasts
  A black bear (D:6)
  An ogre (D:6)
  2 sky beasts
  2 centaurs (D:7)
  2 phantoms (D:6)
  3 kobold brigands
  2 bullfrogs (D:7)
  A necrophage (D:7)
  A scorpion (D:4)
  Dowan (D:5)
  2 howler monkeys
  4 hounds
  4 orc priests
  2 jellies (D:5)
  A gnoll bouda (D:7)
  5 iguanas
  10 orc wizards
  10 gnolls
  8 adders
  An ufetubus (D:4)
  6 worms
  A dart slug (D:2)
  16 orcs
  7 endoplasms
  5 giant cockroaches
  5 goblins
  A hobgoblin (D:1)
  4 jackals (D:1)
  9 quokkas
  13 ball pythons
  6 bats
  5 frilled lizards
  18 kobolds
  10 rats
  A foxfire (D:7)
178 creatures vanquished.

Vanquished Creatures (collateral kills)
  A foxfire (D:5)
1 creature vanquished.

Vanquished Creatures (others)
  605 foxfires
  11 fungi (D:2)
  4 plants (D:5)
620 creatures vanquished.

Grand Total: 799 creatures vanquished

Notes
Turn   | Place    | Note
-------+----------+-------------------------------------------
     0 | D:1      | Icepheonix32 the Draconian Fire Elementalist began the
                  | quest for the Orb.
     0 | D:1      | Reached XP level 1. HP: 14/14 MP: 3/3
   204 | D:1      | Reached XP level 2. HP: 15/20 MP: 1/5
   954 | D:1      | Reached XP level 3. HP: 26/26 MP: 6/6
  1975 | D:2      | Found a faded altar of an unknown god.
  2218 | D:2      | Reached XP level 4. HP: 34/34 MP: 3/7
  2542 | D:2      | Learned a level 2 spell: Scorch
  2547 | D:2      | Learned a level 4 spell: Flame Wave
  3034 | D:3      | Reached XP level 5. HP: 39/39 MP: 6/9
  3603 | D:3      | Reached skill level 4 in Fire Magic
  3729 | D:3      | Reached skill level 1 in Short Blades
  3987 | D:4      | Noticed a water moccasin
  4017 | D:4      | Killed a water moccasin
  4018 | D:4      | Reached XP level 6. HP: 29/46 MP: 6/11
  4600 | D:4      | Found a radiant altar of Vehumet.
  4602 | D:4      | Found a shimmering altar of Xom.
  4602 | D:4      | Found a shimmering altar of Xom.
  4635 | D:4      | Found a bloodstained altar of Trog.
  4635 | D:4      | Found a shimmering altar of Xom.
  4635 | D:4      | Found a glowing golden altar of the Shining One.
  4918 | D:4      | Your scales start taking on a pale cyan-grey colour.
  4918 | D:4      | Reached skill level 5 in Fire Magic
  4918 | D:4      | Reached XP level 7. HP: 51/51 MP: 14/14
  4918 | D:4      | Gained mutation: You are immune to the effects of steam.
                  | [Pale Draconian growth]
  4956 | D:4      | Found an ornate altar of the Wu Jian Council.
  5211 | D:4      | Found a staircase to the Ecumenical Temple.
  5217 | Temple   | Entered the Ecumenical Temple
  5627 | Temple   | Became a worshipper of Qazlal Stormbringer
  5687 | D:5      | Entered Level 5 of the Dungeon
  5703 | D:5      | Noticed Grinder
  5715 | D:5      | Killed Grinder
  5716 | D:5      | Reached skill level 5 in Spellcasting
  6072 | D:5      | Reached skill level 6 in Fire Magic
  6152 | D:5      | Reached skill level 1 in Fighting
  6430 | D:5      | Reached XP level 8. HP: 58/60 MP: 13/16
  6581 | D:5      | Noticed Dowan
  6616 | D:5      | Noticed Duvessa
  6624 | D:5      | Killed Duvessa
  6626 | D:5      | Killed Dowan
  6752 | D:5      | Reached * piety under Qazlal
  6855 | D:5      | Noticed Menkaure
  6860 | D:5      | Killed Menkaure
  6861 | D:5      | Reached skill level 7 in Fire Magic
  8417 | D:6      | Reached skill level 8 in Fire Magic
  8420 | D:6      | Reached XP level 9. HP: 62/67 MP: 13/19
  8431 | D:6      | Identified the +1 leather armour of Forking Paths {rN+++
                  | Will- Str-4 Dex+9}
  8856 | D:7      | Reached ** piety under Qazlal
  8857 | D:7      | Reached skill level 9 in Fire Magic
  9015 | D:7      | Reached skill level 1 in Maces & Flails
  9033 | D:7      | Slain by an orc warrior

Illustrated notes

Levels and vault maps discovered:
D:1:      evilmike_arrival_hilbert_curve, layout_loops_ring
D:2:      layout_loops_ring, hellmonk_ecumenical_altar_inner_sanctum,
          dreamdust_mushroom_princess, dk_noncrumbling_2, grunt_ministairs_11,
          minmay_three_crescents
D:3:      layout_loops_cross
D:4:      layout_basic, nzn_wu_jian_council_hall, doesnt_xom_only_xom,
          minmay_temple_entry_fiery
D:5:      layout_cave_pods, lexackson_kobold_supper, uniq_menkaure,
          uniq_grinder, uniq_duvessa
D:6:      layout_basic, palyth_stone_intersect, eino_tiny_chamber,
          kennysheep_generic_room_11
D:7:      minmay_the_grid_octo_2x2 [minmay_the_grid_octo_odd_swirl,
          minmay_the_grid_octo_fat_diamond, minmay_the_grid_octo_teeth,
          minmay_the_grid_octo_prize_square_snowflake], layout_loops_ring
Temple:   mainiacjoe_temple_big_plus

Skill      XL: |  1  2  3  4  5  6  7  8  9 |
---------------+----------------------------+-----
Stealth        | 2 |  2.9
Spellcasting   | 3 4 5 7 8 |  8.3
Dodging        | 2 3 |  3.1
Fire Magic     | 4 5 6 8 9 |  9.6
Short Blades   | 1 |  1.7
Conjurations   | 2 3 |  3.6
Fighting       | 1 2 |  2.1
Maces & Flails | 1 |  1.1
Shields        | |  0.2
Unarmed Combat | |  0.3

Action                   |  1- 3 |  4- 6 |  7- 9 || total
-------------------------+-------+-------+-------++-------
Melee: Unarmed           |    19 |       |       ||    19
       Tailslap          |     7 |     5 |     7 ||    19
       Short sword       |    45 |    68 |       ||   113
       Punch             |     1 |       |     2 ||     3
       Whip              |       |     3 |    71 ||    74
 Cast: Foxfire           |    80 |   114 |   174 ||   368
       Scorch            |       |    15 |    43 ||    58
  Use: Scroll            |     3 |     7 |     6 ||    16
       Potion            |       |     2 |     1 ||     3
 Stab: Sleeping          |     2 |       |       ||     2
Armor: Skin              |    17 |    28 |    32 ||    77
Dodge: Dodged            |    47 |    81 |    94 ||   222
Block: Other             |       |       |     4 ||     4
